 Dungeon Crawl Stone Soup version 0.25.0-26-g0c896c7088 (webtiles) character file.

Game seed: 2143565266908092757

51767 Dirian the Severer (level 14, -10/129 HPs)
             Began as a Minotaur Fighter on July 2, 2020.
             Was the Champion of Makhleb.
             Mangled by an ettin
             ... wielding a +0 dire flail
              (32 damage)
             ... on level 2 of the Orcish Mines.
             The game lasted 00:33:40 (14054 turns).

Dirian the Severer (Minotaur Fighter)              Turns: 14054, Time: 00:33:40

Health: -10/129    AC: 20    Str: 26    XL:     14   Next: 24%
Magic:  20/20      EV:  7    Int:  5    God:    Makhleb [******]
Gold:   642        SH: 14    Dex: 10    Spells: 13/13 levels left

rFire    . . .     SeeInvis .   s - +1 war axe (vorpal)
rCold    . . .     Gourm    .   c - +1 kite shield
rNeg     . . .     Faith    .   g - +0 plate armour
rPois    +         Spirit   .   (helmet restricted)
rElec    .         Reflect  .   u - +0 cloak
rCorr    .         Harm     .   p - +0 pair of gloves
MR       ++...                  N - +0 pair of boots
Stlth    ..........             j - amulet of regeneration
HPRegen  0.71/turn              G - ring of protection from magic
MPRegen  0.17/turn              A - ring of poison resistance

@: no status effects
A: retaliatory headbutt, horns 2
a: Minor Destruction, Lesser Servant of Makhleb, Major Destruction, Greater
Servant of Makhleb, Renounce Religion


You were on level 2 of the Orcish Mines.
You worshipped Makhleb.
Makhleb was exalted by your worship.
You were not hungry.

You visited 3 branches of the dungeon, and saw 18 of its levels.
You also visited: Ossuary.

You collected 964 gold pieces.
You spent 322 gold pieces at shops.

Inventory:

Hand Weapons
 s - a +1 vorpal war axe (weapon)
 L - a +3 war axe
Armour
 c - a +1 kite shield (worn)
 g - a +0 plate armour (worn)
 p - a +0 pair of gloves (worn)
 u - a +0 cloak (worn)
 N - a +0 pair of boots (worn)
Jewellery
 f - an uncursed ring of protection from magic
 j - an amulet of regeneration (around neck)
 A - a ring of poison resistance (right hand)
 F - an uncursed ring of fire
 G - a ring of protection from magic (left hand)
Wands
 b - a wand of enslavement (1)
 v - a wand of digging (6)
 I - a wand of acid (22)
 J - a wand of disintegration (45)
 K - a wand of iceblast (17)
 M - a wand of clouds (6)
 Q - a wand of polymorph (12)
Scrolls
 a - a scroll of brand weapon {unknown}
 l - 2 scrolls of fog
 m - a scroll of summoning
 o - 3 scrolls of enchant armour
 r - 4 scrolls of identify
 t - 9 scrolls of teleportation
 x - 6 scrolls of remove curse
 y - a scroll of magic mapping
 z - a scroll of blinking
 H - 2 scrolls of immolation
Potions
 d - 6 potions of might
 h - 3 potions of haste
 k - 3 potions of lignification
 n - a potion of resistance
 q - 5 potions of curing
 w - 4 potions of heal wounds
 B - a potion of invisibility
 C - 2 potions of flight
 D - a potion of cancellation
 E - 2 potions of magic
Comestibles
 e - 22 rations
 i - a chunk of flesh


   Skills:
 + Level 13.0 Fighting
 + Level 17.0 Axes
 + Level 11.9 Armour
 + Level 12.5 Shields
 * Level 10.2 Invocations


You had 13 spell levels left.
You didn't know any spells.
Your spell library contained the following spells:

 Spells                   Type           Power        Failure   Level  Hunger
 Animate Skeleton         Necr           N/A          99%         1    ##.....
 Apportation              Tloc           #.....       99%         1    ##.....
 Corona                   Hex            #......      99%         1    ##.....
 Magic Dart               Conj           #...         99%         1    ##.....
 Shock                    Conj/Air       #...         99%         1    ##.....
 Summon Small Mammal      Summ           #...         99%         1    ##.....
 Blink                    Tloc           N/A          100%        2    ###....
 Call Imp                 Summ           #.......     100%        2    ###....
 Ensorcelled Hibernation  Hex/Ice        #.....       100%        2    ###....
 Slow                     Hex            #.......     100%        2    ###....
 Swiftness                Chrm/Air       #.......     100%        2    ###....
 Confusing Touch          Hex            #.......     100%        3    ####...
 Conjure Flame            Conj/Fire      #.......     100%        3    ####...
 Dazzling Flash           Conj/Hex       #.....       100%        3    ####...
 Mephitic Cloud           Conj/Pois/Air  #.......     100%        3    ####...
 Static Discharge         Conj/Air       #.......     100%        3    ####...
 Tukima's Dance           Hex            #.......     100%        3    ####...
 Airstrike                Air            #.........   100%        4    #####..
 Lightning Bolt           Conj/Air       #.........   100%        5    ######.


Dungeon Overview and Level Annotations

Branches:
Dungeon (15/15)            Temple (1/1) D:6            Lair (0/6) D:9
    Orc (2/2) D:12         Vaults (0/5) D:13         Depths (0/5) D:15
Ossuary (visited)
    Elf: Orc:2

Altars:
Ashenzari
Cheibriados
Dithmenos
Elyvilon
Fedhas
Gozag
Hepliaklqana
Kikubaaqudgha
Makhleb
Nemelex Xobeh
Okawaru
Qazlal
Ru
Sif Muna
Trog
Uskayaw
Vehumet
Wu Jian
Xom
Yredelemnul
Zin
The Shining One

Shops:
D:5 :   D:12 !(   Orc:2 ?%[[

Annotations:
D:12 exclusion: 3 doors
D:15 exclusion: downstairs


Innate Abilities, Weirdness & Mutations

You reflexively headbutt those who attack you in melee.
You have a pair of horns on your head.


Message History

The ogre is lightly wounded.
You hit the ettin but do no damage. You block the ogre's attack.
You slice the ogre!!
The ogre is almost dead.
You slash the ettin!
The ettin hits you with a +0 dire flail!!!
The ettin barely misses you.
The orc warrior hits you but does no damage.
You are too injured to fight recklessly!
You are too injured to fight recklessly!
You are too injured to fight recklessly!
You are too injured to fight recklessly!
You block the ogre's attack.
The orc priest miscasts a cantrip.
The ettin hits you with a +0 dire flail!!!
* * * LOW HITPOINT WARNING * * *
You block the ettin's attack. The orc warrior closely misses you.
You block the ettin's attack.
The ettin hits you with a +0 dire flail!!
You die...

....... .......
....... .......
.......## .#
........## #.#
.....ooC.## ...#
......)@..###...##
#
......O##..###...##
## .......
##..###...## ##.
.......
##..###...###.[
....###
##..##...)#).. ....
##..#.#..)..# ...
##......)... ..
##...#.#.#.
##........


You could see an ettin, an orc warrior, an ogre and an orc priest.

Vanquished Creatures
  Jorgrun (D:12)
  A rakshasa (D:15)
  A hydra (D:13)
  A death knight (D:13)
  A catoblepas (D:15)
  A centaur warrior (D:14)
  5 two-headed ogres
  An ogre mage (D:13)
  An orc high priest (Orc:1)
  6 skeletal warriors
  An unseen horror (shapeshifter) (D:13)
  An unseen horror (D:15)
  2 wizards
  A wolf spider zombie (D:13)
  The ghost of Dirian the Cleaver, a novice MiFi (D:6)
  Pikel (D:8)
  An orc knight (Orc:2)
  2 deep elf magi
  A wolf spider (D:15)
  20 ugly things
  2 orc sorcerers (Orc:1)
  2 cyclopes
  A kobold demonologist (D:15)
  A komodo dragon (D:13)
  5 yaktaurs
  10 trolls
  A queen bee (D:8)
  2 red devils (Orc:2)
  A hornet (D:13)
  12 slime creatures
  Prince Ribbit (D:5)
  2 hippogriffs
  2 wyverns (D:13)
  2 wraiths
  19 yaks
  A basilisk (D:14)
  4 hungry ghosts
  Menkaure (D:5)
  A warg (Orc:1)
  An acid dragon (D:11)
  Duvessa (D:6)
  3 water moccasins
  3 sky beasts
  2 ice beasts
  A slave (D:8)
  26 orc warriors
  3 black bears
  2 phantoms
  9 ogres
  11 centaurs
  A crocodile (D:14)
  6 bullfrogs
  2 big kobolds
  A wyvern zombie (D:12)
  A gnoll sergeant (D:8)
  2 water moccasin zombies (Ossuary)
  Dowan (D:6)
  6 scorpions
  A water moccasin skeleton (D:7)
  31 killer bees
  12 wights
  2 howler monkeys (D:7)
  6 crimson imps
  2 quasits
  2 bullfrog zombies
  4 centaur zombies
  3 jellies
  A bullfrog skeleton (D:6)
  29 orc priests
  7 hounds
  5 centaur skeletons
  Jessica (D:3)
  7 iguanas
  15 orc wizards
  12 worker ants
  2 hound zombies (D:5)
  2 mummies (Ossuary)
  A worker ant zombie (D:7)
  4 gnolls (D:8)
  18 adders
  2 shadow imps
  3 oozes
  6 adder zombies (Ossuary)
  2 adder skeletons (D:6)
  5 worms
  A dart slug (D:4)
  3 leopard geckos
  82 orcs
  5 bats
  5 giant cockroaches
  6 hobgoblins
  8 jackals
  3 quokkas
  2 ball pythons
  8 frilled lizards
  A gnoll zombie (Ossuary)
  4 goblins
  6 hobgoblin zombies (Ossuary)
  10 kobolds
  7 kobold zombies (Ossuary)
  3 orc zombies (Ossuary)
  7 rats
548 creatures vanquished.

Vanquished Creatures (collateral kills)
  A wraith (D:12)
  A crimson imp (D:12)
2 creatures vanquished.

Vanquished Creatures (others)
  5 dream sheep (D:3)
5 creatures vanquished.

Grand Total: 555 creatures vanquished

Notes
Turn   | Place    | Note
-------+----------+-------------------------------------------
     0 | D:1      | Dirian the Minotaur Fighter began the quest for the Orb.
     0 | D:1      | Reached XP level 1. HP: 19/19 MP: 0/0
   234 | D:1      | Reached XP level 2. HP: 25/27 MP: 1/1
   582 | D:2      | Reached skill level 3 in Axes
   709 | D:2      | Reached XP level 3. HP: 33/33 MP: 2/2
   970 | D:2      | You fall into a shaft and drop 2 floors!
   980 | D:4      | Noticed a scorpion
   992 | D:4      | Killed a scorpion
   992 | D:4      | Reached skill level 4 in Axes
   992 | D:4      | Reached XP level 4. HP: 38/40 MP: 3/3
  1011 | D:4      | Noticed an ogre
  1019 | D:4      | Killed an ogre
  1019 | D:4      | Reached skill level 5 in Axes
  1019 | D:4      | Reached XP level 5. HP: 47/47 MP: 4/4
  1532 | D:2      | Reached XP level 6. HP: 53/53 MP: 5/5
  1874 | D:3      | Noticed Jessica
  1888 | D:3      | Killed Jessica
  1888 | D:3      | Reached skill level 6 in Axes
  2117 | D:3      | Noticed an orc warrior
  2124 | D:3      | Killed an orc warrior
  2266 | D:3      | Reached skill level 5 in Shields
  2352 | D:3      | Noticed a dream sheep
  2352 | D:3      | Noticed a dream sheep
  2352 | D:3      | Noticed a dream sheep
  2352 | D:3      | Noticed a dream sheep
  2352 | D:3      | Noticed a dream sheep
  2352 | D:3      | Found a shimmering altar of Xom.
  2357 | D:3      | Killed a dream sheep
  2357 | D:3      | Killed a dream sheep
  2357 | D:3      | Killed a dream sheep
  2357 | D:3      | Killed a dream sheep
  2357 | D:3      | Killed a dream sheep
  2527 | D:4      | Reached skill level 7 in Axes
  2651 | D:4      | Reached XP level 7. HP: 55/60 MP: 6/6
  2791 | D:4      | Reached skill level 5 in Armour
  3038 | D:4      | Reached skill level 8 in Axes
  3040 | D:4      | Reached skill level 5 in Fighting
  3071 | D:5      | Entered Level 5 of the Dungeon
  3158 | D:5      | Reached skill level 9 in Axes
  3158 | D:5      | Reached XP level 8. HP: 63/68 MP: 7/7
  3170 | D:5      | Found Qeut's Book Emporium.
  3190 | D:5      | Found an iron altar of Okawaru.
  3199 | D:5      | Found an opulent altar of Gozag.
  3199 | D:5      | Found a hazy altar of Hepliaklqana.
  3200 | D:5      | Found a stormy altar of Qazlal.
  3200 | D:5      | Found an ornate altar of the Wu Jian Council.
  3201 | D:5      | Found a shimmering blue altar of Sif Muna.
  3201 | D:5      | Found a shadowy altar of Dithmenos.
  3202 | D:5      | Found a hide-covered altar of Uskayaw.
  3216 | D:5      | Noticed Prince Ribbit
  3229 | D:5      | Killed Prince Ribbit
  3239 | D:5      | Noticed Menkaure
  3243 | D:5      | Killed Menkaure
  3259 | D:5      | Found a sand-covered staircase.
  3269 | Ossuary  | Entered an ossuary
  3374 | Ossuary  | Reached skill level 10 in Axes
  3837 | D:6      | Found a staircase to the Ecumenical Temple.
  3837 | D:6      | Noticed Duvessa
  3837 | D:6      | Noticed Dowan
  3844 | D:6      | Killed Duvessa
  3844 | D:6      | Reached skill level 11 in Axes
  3844 | D:6      | Killed Dowan
  3853 | Temple   | Entered the Ecumenical Temple
  3917 | Temple   | Became a worshipper of Makhleb the Destroyer
  3989 | D:6      | Noticed Dirian's ghost (novice MiFi)
  3991 | D:6      | Found a transporter.
  4014 | D:6      | Found a transporter.
  4222 | D:6      | Found a white marble altar of Elyvilon.
  4394 | D:6      | Reached XP level 9. HP: 75/75 MP: 8/8
  4535 | D:6      | Killed Dirian's ghost
  4535 | D:6      | Reached skill level 1 in Invocations
  4816 | D:7      | Reached * piety under Makhleb
  4826 | D:7      | Reached skill level 12 in Axes
  5061 | D:7      | Found a blossoming altar of Fedhas.
  5061 | D:7      | Found an ancient bone altar of Kikubaaqudgha.
  5233 | D:8      | Found a bloodstained altar of Trog.
  5470 | D:8      | Reached XP level 10. HP: 61/86 MP: 11/11
  5536 | D:8      | Reached ** piety under Makhleb
  5686 | D:7      | HP: 6/129 [poisoned by a killer bee]
  6050 | D:8      | Noticed Pikel
  6059 | D:8      | Killed Pikel
  6067 | D:8      | Reached skill level 13 in Axes
  6139 | D:8      | Found a sacrificial altar of Ru.
  6139 | D:8      | Found a shimmering altar of Xom.
  6144 | D:8      | Found a faded altar of an unknown god.
  6146 | D:8      | Found a faded altar of an unknown god.
  6148 | D:8      | Found an iron altar of Okawaru.
  6200 | D:8      | You fall into a shaft and drop 2 floors!
  6200 | D:10     | Entered Level 10 of the Dungeon
  6452 | D:9      | Reached skill level 5 in Invocations
  6484 | D:9      | Found a staircase to the Lair.
  6709 | D:8      | Reached *** piety under Makhleb
  7102 | D:9      | Reached XP level 11. HP: 95/95 MP: 12/14
  7569 | D:10     | Got a steaming falchion
  8142 | D:11     | Reached skill level 14 in Axes
  8236 | D:11     | Reached **** piety under Makhleb
  8293 | D:11     | You fall into a shaft and drop 1 floor!
  8444 | D:12     | Noticed a skeletal warrior
  8444 | D:12     | Noticed a skeletal warrior
  8444 | D:12     | Noticed a skeletal warrior
  8444 | D:12     | Noticed a deep elf mage
  9200 | D:11     | Noticed a wizard
  9213 | D:11     | Killed a wizard
  9268 | D:11     | Identified the +8 falchion of the Blind Eye {protect, Int+3
                  | Dex+4} (You found it on level 10 of the Dungeon)
  9301 | D:12     | Noticed Jorgrun
  9320 | D:12     | Killed Jorgrun
  9469 | D:12     | Found an iron altar of Okawaru.
  9512 | D:12     | Noticed a two-headed ogre
  9522 | D:12     | Killed a two-headed ogre
  9523 | D:12     | Found Qitwem's Weapon Emporium.
  9625 | D:12     | Reached XP level 12. HP: 106/106 MP: 16/16
  9647 | D:12     | Reached skill level 10 in Shields
  9680 | D:12     | Found Wehet's Distillery.
  9685 | D:12     | Bought a potion of heal wounds for 65 gold pieces
  9685 | D:12     | Bought a potion of invisibility for 104 gold pieces
  9685 | D:12     | Bought a potion of cancellation for 104 gold pieces
  9846 | D:12     | Reached skill level 15 in Axes
  9879 | D:13     | Noticed a death knight
  9890 | D:13     | Killed a death knight
  9890 | D:13     | Reached skill level 10 in Fighting
  9890 | D:13     | Reached skill level 10 in Armour
 10139 | D:13     | Noticed a two-headed ogre
 10150 | D:13     | Killed a two-headed ogre
 10227 | D:13     | Noticed a two-headed ogre
 10228 | D:13     | Noticed an ogre mage
 10238 | D:13     | Killed a two-headed ogre
 10247 | D:13     | Killed an ogre mage
 10288 | D:13     | Noticed a two-headed ogre
 10303 | D:13     | Killed a two-headed ogre
 10365 | D:13     | Found a gate to the Vaults.
 10417 | D:13     | Reached ***** piety under Makhleb
 10467 | D:13     | Noticed a seven-headed hydra
 10476 | D:13     | Killed a seven-headed hydra
 10882 | D:13     | Reached XP level 13. HP: 99/116 MP: 18/18
 11061 | D:14     | Reached skill level 16 in Axes
 12418 | D:15     | Entered Level 15 of the Dungeon
 12577 | D:15     | Found a staircase to the Depths.
 12578 | D:15     | Noticed a fire giant
 12958 | D:15     | Reached XP level 14. HP: 121/127 MP: 20/20
 13297 | D:12     | Reached skill level 10 in Invocations
 13444 | D:12     | Found a staircase to the Orcish Mines.
 13473 | Orc:1    | Entered Level 1 of the Orcish Mines
 13516 | Orc:1    | Reached ****** piety under Makhleb
 13638 | Orc:2    | Entered Level 2 of the Orcish Mines
 13639 | Orc:2    | Found Omeddaduli's Antique Armour Shoppe.
 13685 | Orc:2    | Found Riyzamne's Antique Armour Shop.
 13741 | Orc:2    | Found Waajom's Food Boutique.
 13744 | Orc:2    | Found Juxt's Magic Scroll Shop.
 13834 | Orc:2    | Reached skill level 17 in Axes
 14035 | Orc:2    | Bought a scroll of magic mapping for 49 gold pieces
 14054 | Orc:2    | Mangled by an ettin

Illustrated notes

Levels and vault maps discovered:
D:1:      lemuel_arrival_broad_hall, layout_basic
D:2:      layout_loops_ring, first_ration
D:3:      layout_rooms, kb_xom_exploding_sheep, uniq_jessica
D:4:      layout_basic, grunt_tough_drop
D:5:      layout_rooms, grunt_temple_overflow_open, enter_ossuary_1,
          basic_altar, serial_shops, nicolae_shop_statue_plus, uniq_menkaure,
          uniq_prince_ribbit1
D:6:      layout_loops_cross, elyvilon_altar_3, minmay_temple_entry_mist,
          gammafunk_ghost_arena, uniq_duvessa
D:7:      layout_cave_pools, grunt_temple_overflow_growth_and_decay,
          minmay_stone_trees_small
D:8:      layout_loops_ring, chequers_temple_overflow_minitemple,
          david_nohive_1, trog_ov_bears_minmay, uniq_pikel
D:9:      layout_gridville, dpeg_oklobed_lair
D:10:     layout_long_grid
D:11:     layout_basic, lightli_wizard_tower
D:12:     layout_roguey, david_orc_4, serial_shops, shop_fountains,
          nicolae_shop_trees, basic_altar, uniq_jorgrun
D:13:     layout_roguey, david_vaults_2
D:14:     layout_layer_cave
D:15:     grunt_enter_depths_giant_problem, layout_basic, serial_glass,
          glass_columns_a, glass_columns_b, chequers_serial_rivers_micro_e,
          hangedman_abyss_or_decor_lesser_grid
Temple:   nicolae_temple_figure_zero
Orc:1:    layout_caves, serial_shops, nicolae_shop_crystal
Orc:2:    pf_orc_diabolical, layout_diamond_mine, gammafunk_ghost_split,
          serial_shops, nicolae_shop_behind_doors, shop,
          nicolae_shop_overgrown_old_shop, nicolae_shop_stone, uniq_erolcha

Skill      XL: |  1  2  3  4  5  6  7  8  9 10 11 12 13 14 |
---------------+-------------------------------------------+-----
Fighting       | 4 5 6 7 8 9 11 12 13 | 13.0
Axes           | 3 4 5 7 9 11 12 13 14 15 16 17 | 17.0
Shields        | 4 5 6 7 8 9 11 12 | 12.5
Armour         | 4 5 7 8 9 10 11 | 11.9
Invocations    | 3 5 7 8 9 10 | 10.2

Action                   |  1- 3 |  4- 6 |  7- 9 | 10-12 | 13-15 || total
-------------------------+-------+-------+-------+-------+-------++-------
Melee: War axe           |    63 |   109 |   311 |   631 |   626 ||  1740
       Headbutt          |     5 |    15 |    52 |   122 |   143 ||   337
       Short sword       |       |       |       |     8 |       ||     8
Invok: Major Destruction |       |       |       |     2 |       ||     2
       Lesser Servant of |       |       |       |     1 |       ||     1
Evoke: Wand              |       |       |       |       |     1 ||     1
  Use: Scroll            |       |     7 |     1 |    15 |       ||    23
       Potion            |       |       |     1 |     7 |       ||     8
 Stab: Confused          |       |       |       |       |     2 ||     2
  Eat: Chunk             |       |     6 |     6 |    18 |     4 ||    34
       Ration            |       |       |     1 |       |     3 ||     4
Armor: Scale mail        |    26 |    28 |    36 |       |       ||    90
       Chain mail        |       |       |    75 |   259 |       ||   334
       Plate armour      |       |       |       |    14 |   187 ||   201
Dodge: Dodged            |    18 |    26 |    42 |   191 |    82 ||   359
Block: Kite shield       |    34 |    48 |   130 |   381 |   276 ||   869
